 Dungeon Crawl Stone Soup version 0.18-a0-917-g8a3da5b (webtiles) character file.

42 dvd the Chiller (level 3, -1/21 HPs)
             Began as an Octopode Ice Elementalist on Dec 26, 2015.
             Slain by a hobgoblin (4 damage)
             ... led by Robin
             ... on level 2 of the Dungeon.
             The game lasted 00:04:58 (1442 turns).

dvd the Chiller (Octopode Ice Elementalist)         Turns: 1442, Time: 00:04:58

Health: -1/21      AC:  1    Str: 12    XL:     3   Next: 54%
Magic:  0/6        EV: 12    Int: 17    God:
Gold:   55         SH:  0    Dex: 13    Spells: 3 memorised, 0 levels left

rFire  . . .     SeeInvis .     n - +2 dagger (elec)
rCold  . . .     Gourm    .     (no shield)
rNeg   . . .     Faith    .     (helmet restricted)
rPois  .         Spirit   .     (no amulet)
rElec  .         Dismiss  .     (no ring)
rCorr  .         Reflect  .     (no ring)
SustAt .         Harm     .     (no ring)
MR     .....                    (no ring)
Stlth  +++.......               (no ring)
                                (no ring)
                                (no ring)
                                (no ring)

@: mighty, very slightly contaminated, not resistant to hostile enchantments,
fairly stealthy
A: almost no armour, amphibious, 8 rings, constrict 8, camouflage 1, gelatinous
body 1
a: no special abilities


You were on level 2 of the Dungeon.
You were very hungry.

You visited 1 branch of the dungeon, and saw 2 of its levels.

You collected 55 gold pieces.

Inventory:

Hand Weapons
 l - a +3 whip
 n - a +2 dagger of electrocution (weapon)
Scrolls
 e - 2 scrolls of magic mapping {unknown}
 f - 2 scrolls of immolation {unknown}
 h - 2 scrolls of remove curse {unknown}
 i - a scroll of random uselessness {unknown}
 j - 2 scrolls of identify {unknown}
 k - a scroll of teleportation {unknown}
 o - 3 scrolls of fog {unknown}
Potions
 c - 2 potions of magic {unknown}
 d - a potion of lignification {unknown}
 g - a potion of flight {unknown}
 r - a potion of might
Books
 a - a book of Frost

   Spells                             Type                      Level
   a - Freeze                         Ice                          1
   b - Throw Frost                    Conjuration/Ice              2
   c - Ozocubu's Armour               Charms/Ice                   3
   d - Throw Icicle                   Conjuration/Ice              4
   e - Summon Ice Beast               Ice/Summoning                4
   f - Condensation Shield            Ice                          4
Comestibles
 b - a bread ration
 m - 2 fruits
 p - a meat ration
 q - 4 chunks of flesh


   Skills:
 + Level 0.2 Fighting
 + Level 2.0 Dodging
 + Level 3.1 Stealth
 - Level 0.2 Unarmed Combat
 + Level 2.3 Spellcasting
 + Level 1.1 Conjurations
 + Level 3.8 Ice Magic


You couldn't memorise any spells.
You knew the following spells:

 Your Spells              Type           Power        Failure   Level  Hunger
a - Freeze                Ice            ##..         4%          1    #......
b - Throw Frost           Conj/Ice       ##....       12%         2    ##.....
c - Ozocubu's Armour      Chrm/Ice       #.......     30%         3    ###....


Dungeon Overview and Level Annotations

Branches:
Dungeon (2/15)

Altars:

Annotations:
D:2 Robin


Innate Abilities, Weirdness & Mutations

You cannot wear most types of armour.
You are amphibious.
You can wear up to eight rings at the same time.
You can use your tentacles to constrict eight enemies at once.
Your skin changes colour to match your surroundings (Stealth).
Your rubbery body absorbs attacks (AC +1).


Message History

You are very lightly contaminated with residual magic.
Your skin tingles.
You are feeling very hungry.
The hobgoblin hits you with a club.
* * * LOW HITPOINT WARNING * * *
You closely miss the hobgoblin. You grab the hobgoblin.
The hobgoblin is almost dead.
You constrict the hobgoblin, but do no damage.
The hobgoblin hits you.
* * * LOW HITPOINT WARNING * * *
The hobgoblin hits you with a club.
* * * LOW HITPOINT WARNING * * *
Robin barely misses you.
Drink which item? (? for menu, Esc to quit)
It was a potion of might.
You feel very mighty all of a sudden.
You constrict the hobgoblin.
You kill the hobgoblin!
The hobgoblin hits you.
You die...

...# # ...# .# #(.##.
##.... #....# #.
#....# #.. #)...# #..
#.g).# #+###..##.†@g#
......>......#
.............#
.............#
.............# ##
...........### .....
.........### .....
.........#######.....
#....................


You could see Robin and a hobgoblin (frenzied).

Vanquished Creatures
  An ooze (D:1)
  A ball python (D:1)
  2 giant cockroaches
  12 goblins
  5 hobgoblins
  5 kobolds (D:1)
  3 bats (D:1)
  A giant newt (D:1)
  4 rats (D:1)
34 creatures vanquished.

Notes
Turn   | Place    | Note
--------------------------------------------------------------
     0 | D:1      | dvd the Octopode Ice Elementalist began the quest for the Orb.
     0 | D:1      | Reached XP level 1. HP: 11/11 MP: 3/3
   260 | D:1      | Reached XP level 2. HP: 15/17 MP: 5/5
   267 | D:1      | Learned a level 2 spell: Throw Frost
   894 | D:1      | Reached XP level 3. HP: 21/21 MP: 6/6
  1064 | D:1      | Learned a level 3 spell: Ozocubu's Armour
  1288 | D:2      | Noticed Robin
  1442 | D:2      | Slain by a hobgoblin

Vault maps used:
D:1:      evilmike_arrival_rings
D:2:      uniq_robin

Action                   || total
-------------------------++-------
Melee: Unarmed           ||    10
       Dagger            ||    26
       Whip              ||     2
 Cast: Freeze            ||    15
       Throw Frost       ||    11
       Ozocubu's Armour  ||     3
  Use: Potion            ||     1
 Stab: Sleeping          ||     5
  Eat: Chunk             ||     2
